 Dungeon Crawl Stone Soup version 0.28-a0-792-g75f770b44e (webtiles) character file.

Game seed: 11992420700150973510

804 1994 the Chopper (level 7, -1/54 HPs)
             Began as a Demonspawn Gladiator on Nov 3, 2021.
             Slain by a water moccasin (2 damage)
             ... on level 5 of the Dungeon.
             The game lasted 00:08:22 (4669 turns).

1994 the Chopper (Demonspawn Gladiator)             Turns: 4669, Time: 00:08:24

Health: -1/54      AC:  7    Str: 16    XL:     7   Next: 60%
Magic:  7/7        EV: 12    Int: 10    God:
Gold:   245        SH:  0    Dex: 20    Spells: 6/6 levels left

rFire   . . .      SeeInvis .   C - +2 halberd (vorpal)
rCold   . . .      Faith    .   (shield currently unavailable)
rNeg    . . .      Spirit   .   i - +0 ring mail
rPois   .          Reflect  .   (helmet restricted)
rElec   .          Harm     .   (no cloak)
rCorr   .          Rampage  .   (no gloves)
Will    .....                   (no boots)
Stlth   +.........              p - amulet of the acrobat
HPRegen 0.18/turn               m - +6 ring of dexterity
MPRegen 0.20/turn               (no ring)

@: lethally poisoned (-1 -> -20), flying
A: antennae 1, rugged brown scales 2, magic regeneration
a: no special abilities


You were on level 5 of the Dungeon.
You visited 1 branch of the dungeon, and saw 5 of its levels.
You also visited: Ossuary.

You collected 245 gold pieces.

Inventory:

Hand Weapons
 a - a +0 hand axe
 b - a +0 war axe
 C - a +2 vorpal halberd (weapon)
Missiles
 d - 3 throwing nets
 f - 186 stones
 j - 22 poisoned darts (quivered)
 A - 2 boomerangs of dispersal
Armour
 c - a +0 helmet
 i - a +0 ring mail (worn)
 x - a +0 robe of resistance
Magical Staves
 B - a staff of death
Jewellery
 m - a +6 ring of dexterity (left hand)
 p - an amulet of the acrobat (around neck)
 y - an amulet of regeneration
Wands
 l - a wand of iceblast (6)
 r - a wand of digging (4)
 t - a wand of flame (18)
Scrolls
 n - a scroll of holy word {unknown}
 o - 3 scrolls of identify {unknown}
 s - a scroll of noise {unknown}
 u - a scroll of summoning {unknown}
Potions
 e - 2 potions of flight
 g - 2 potions of curing {unknown}
 h - a potion of heal wounds {unknown}
 k - 4 potions of invisibility {unknown}
 q - 4 potions of might {unknown}
 v - 2 potions of brilliance {unknown}
 w - 2 potions of attraction {unknown}
 z - a potion of ambrosia {unknown}


   Skills:
 + Level 3.4 Fighting
 * Level 6.9 Axes
 - Level 1.7 Throwing
 + Level 2.2 Armour
 + Level 3.7 Dodging


You had 6 spell levels left.
You didn't know any spells.
Your spell library contained the following spells:

 Spells                   Type           Power      Damage    Failure   Level
 Shock                    Conj/Air       0%         1d3       56%         1
 Swiftness                Air            0%         N/A       91%         3
 Airstrike                Air            0%         N/A       100%        4


Dungeon Overview and Level Annotations

Branches:
Dungeon (5/15)            Ossuary (visited)
 Temple: D:4-7

Altars:
Cheibriados
Okawaru
Xom
Yredelemnul


Innate Abilities, Weirdness & Mutations

You have a pair of small antennae on your head.
You are mostly covered in rugged brown scales. (AC +2, +5% HP)
You regenerate magic rapidly.


Message History

Found a scroll labelled OLOSENO ALEMIH.
Unknown command.
C - a +2 vorpal halberd (weapon)
The water moccasin bites you.
You slash the water moccasin!
The water moccasin is heavily wounded.
The water moccasin bites you.
You are poisoned.
The water moccasin poisons you!
You hit the water moccasin.
The water moccasin is severely wounded.
You feel very sick. The water moccasin bites you.
The water moccasin misses you.
You closely miss the water moccasin.
The water moccasin is severely wounded.
You feel very sick. The water moccasin barely misses you.
The water moccasin bites you.
You are more poisoned.
The water moccasin poisons you!
You closely miss the water moccasin.
The water moccasin is severely wounded.
You feel very sick. The water moccasin bites you. x2
You are lethally poisoned!
The water moccasin poisons you!
You hit the water moccasin.
The water moccasin is severely wounded.
* * * LOW HITPOINT WARNING * * *
You feel extremely sick. The water moccasin bites you.
* * * LOW HITPOINT WARNING * * *
The water moccasin bites you but does no damage.
Unknown command.
It was a potion of flight.
You feel very buoyant.
You fly up into the air.
* * * LOW HITPOINT WARNING * * *
You feel very sick. The water moccasin bites you.
You die...

####+###.#...'...+
#........#..##...#
#........#.......#
#........##.####.#
+........#.....#...
.###........#####.#####
..................#
?...........#######
....(.S@....#
............#
...........##
.............
....######..... ####
#..... ..... ....


You could see a water moccasin.

Vanquished Creatures
  A human (D:3)
  3 elf zombies (Ossuary)
  A water moccasin skeleton (D:5)
  2 centaur zombies (Ossuary)
  A bullfrog skeleton (D:5)
  2 human zombies (Ossuary)
  Jessica (D:3)
  An orc wizard (D:4)
  2 mummies (Ossuary)
  4 gnolls
  3 adders
  An ufetubus (D:4)
  5 worms
  2 dart slugs (D:1)
  3 orcs (D:4)
  3 bats
  3 endoplasms
  3 giant cockroaches
  9 goblins
  6 hobgoblins
  7 jackals
  5 quokkas
  3 ball pythons
  3 frilled lizards
  A goblin zombie (Ossuary)
  7 hobgoblin zombies (Ossuary)
  A jackal skeleton (D:3)
  A jackal zombie (Ossuary)
  6 kobolds
  12 kobold zombies (Ossuary)
  8 orc zombies (Ossuary)
  6 rats
  A rat zombie (Ossuary)
117 creatures vanquished.

Notes
Turn   | Place    | Note
-------+----------+-------------------------------------------
     0 | D:1      | 1994 the Demonspawn Gladiator began the quest for the Orb.
     0 | D:1      | Reached XP level 1. HP: 16/16 MP: 1/1
   105 | D:1      | Reached skill level 3 in Axes
   114 | D:1      | Gained mutation: You regenerate magic rapidly. [demonic
                  | ancestry]
   114 | D:1      | Reached XP level 2. HP: 17/22 MP: 2/2
   215 | D:1      | Found a faded altar of an unknown god.
   320 | D:1      | Gained mutation: You are partially covered in rugged brown
                  | scales. (AC +1, +3% HP) [demonic ancestry]
   320 | D:1      | Reached XP level 3. HP: 22/27 MP: 3/3
   571 | D:1      | Reached skill level 4 in Axes
  1617 | D:3      | Reached XP level 4. HP: 27/33 MP: 4/4
  1737 | D:3      | Found a runed translucent door.
  1737 | D:3      | Noticed a human
  1746 | D:3      | Found a basalt altar of Yredelemnul.
  1778 | D:3      | Killed a human
  1779 | D:3      | Reached skill level 5 in Axes
  1779 | D:3      | Reached XP level 5. HP: 12/39 MP: 5/5
  2279 | D:3      | Noticed Jessica
  2288 | D:3      | Killed Jessica
  2347 | D:3      | Found a snail-covered altar of Cheibriados.
  2709 | D:4      | Reached skill level 6 in Axes
  2709 | D:4      | Gained mutation: You have a pair of small antennae on your
                  | head. [demonic ancestry]
  2709 | D:4      | Reached XP level 6. HP: 42/45 MP: 6/6
  2810 | D:4      | Found a sand-covered staircase.
  2821 | Ossuary  | Entered an ossuary
  3015 | Ossuary  | Reached skill level 1 in Armour
  3398 | Ossuary  | Gained mutation: You are mostly covered in rugged brown
                  | scales. (AC +2, +5% HP) [demonic ancestry]
  3398 | Ossuary  | Reached XP level 7. HP: 21/53 MP: 7/7
  4041 | D:4      | Found a shimmering altar of Xom.
  4044 | D:4      | Found an iron altar of Okawaru.
  4366 | D:5      | Entered Level 5 of the Dungeon
  4669 | D:5      | HP: 1/54 [poisoned by a water moccasin]
  4669 | D:5      | Slain by a water moccasin

Illustrated notes

Levels and vault maps discovered:
D:1:      lemuel_arrival_rhombus, layout_basic,
          ebering_ecumenical_altar_abandoned
D:2:      layout_basic, minmay_unequal
D:3:      layout_loops_corners, overflow_temple_1_default,
          dk_yredelemnul_ordeal, uniq_jessica
D:4:      layout_basic, jmf_multi_god_temple, enter_ossuary_3
D:5:      minmay_goblin_kobold_castle, layout_basic, serial_shops, shop_statue,
          mrwooster_statue_mirror

Skill      XL: |  1  2  3  4  5  6  7 |
---------------+----------------------+-----
Axes           | 3 4 5 6 |  6.9
Dodging        | 3 |  3.7
Armour         | 1 2 |  2.2
Fighting       | 3 |  3.4
Throwing       | |  1.7

Action                   |  1- 3 |  4- 6 |  7- 9 || total
-------------------------+-------+-------+-------++-------
Melee: War axe           |    92 |       |     5 ||    97
       Hand axe          |    52 |   206 |   159 ||   417
       Halberd           |       |       |     5 ||     5
Throw: Dart              |       |    12 |     6 ||    18
  Use: Potion            |       |       |     1 ||     1
 Stab: Sleeping          |     1 |       |       ||     1
Armor: Leather armour    |    31 |       |       ||    31
       Ring mail         |    32 |    64 |    57 ||   153
Dodge: Dodged            |    84 |   117 |    83 ||   284

Table legend: (Time is in decaauts)
 A = Elapsed time spent in this place.
 B = Non-inter-level travel time spent in this place.
 C = Inter-level travel time spent in this place.
 D = Time resting spent in this place.
 E = Time spent auto-exploring this place.
 F = Levels seen in this place.
 G = Mean time per level.
                   A        B        C        D        E       F      G
               +--------+--------+--------+--------+--------+-----+--------+
         Total |   4697 |   4569 |    128 |   1488 |   1728 |   6 |  782.8 |
       Dungeon |   3668 |   3540 |    128 |    927 |   1688 |   5 |  733.6 |
       Ossuary |   1028 |   1028 |      0 |    561 |     40 |   1 | 1028.0 |
               +--------+--------+--------+--------+--------+-----+--------+

Top non-repeatable levels by time:
     D:3: 1128 daAuts
 Ossuary: 1028 daAuts
     D:4: 884 daAuts
     D:2: 859 daAuts
     D:1: 639 daAuts
     D:5: 156 daAuts
